 Dungeon Sprint DCSS version 0.27.1-33-g824d729ab1 (webtiles) character file.

Game seed: 17801093309465630489

622 Hipnos the Unseen (level 7, -4/36 HPs)
             Began as a Spriggan Brigand on Nov 26, 2021.
             Was an Initiate of Trog.
             Slain by Sonja (7 damage)
             ... in the Dungeon (Sprint I: "Red Sonja").
             The game lasted 00:01:22 (202 turns).

Hipnos the Unseen (Spriggan Brigand)                 Turns: 202, Time: 00:01:23

Health: -4/36      AC:  3    Str:  7    XL:     7   Next: 22%
Magic:  8/8        EV: 17    Int: 12    God:    Trog [......]
Gold:   297        SH:  0    Dex: 19    Spells: 6/6 levels left

rFire    . . .     SeeInvis +   a - +2 dagger
rCold    . . .     Faith    .   (shield restricted)
rNeg     . . .     Spirit   .   b - +0 robe
rPois    .         Reflect  .   (helmet restricted)
rElec    .         Harm     .   c - +0 cloak
rCorr    .         Rampage  .   (gloves unavailable)
Will     +....     NoTele   +   (boots unavailable)
Stlth    ++++++++..             (no amulet)
HPRegen  0.12/turn              (no ring)
MPRegen  0.11/turn              (no ring)

@: very quick
A: very small, no large weapons, unfitting armour, see invisible, speed 3
a: Renounce Religion


You were in the Dungeon.
You worshipped Trog.
Trog was noncommittal.
You visited 1 branch You collected 297 gold pieces.

Inventory:

Hand Weapons
 a - a +2 dagger (weapon)
Missiles
 d - 8 poisoned darts
 e - a curare-tipped dart (quivered)
Armour
 b - a +0 robe (worn)
 c - a +0 cloak (worn)
Scrolls
 k - a scroll of blinking
 m - a scroll of silence {unknown}
Potions
 f - a potion of curing
 h - a potion of haste
 i - 2 potions of magic
 j - a potion of berserk rage
 l - a potion of degeneration {unknown}


   Skills:
 + Level 3.2 Fighting
 + Level 4.5 Short Blades
 + Level 3.8 Throwing
 + Level 2.6 Dodging
 * Level 20.4 Stealth


You had 6 spell levels left.
You didn't know any spells.
Your spell library was empty.

Dungeon Overview and Level Annotations

Branches:
Dungeon (1/1)

Altars:
Cheibriados
Dithmenos
Elyvilon
Fedhas
Gozag
Hepliaklqana
Kikubaaqudgha
Makhleb
Nemelex Xobeh
Okawaru
Qazlal
Ru
Sif Muna
Trog
Uskayaw
Vehumet
Wu Jian
Xom
Yredelemnul
Zin
The Shining One
Jiyva
Lugonu

Shops:
D *

Annotations:
D Sonja


Innate Abilities, Weirdness & Mutations

You are very small and have problems with some larger weapons.
You are too small for most types of armour.
You have supernaturally acute eyesight. (SInv)
You cover ground extremely quickly. (Speed+++)


Message History

Trog accepts your kill.
Your Stealth skill increases to level 20!
You have reached level 7!
There is an open door here.
There is an open door here.
You see here a +0 quarterstaff.
You see here 25 bolts.
You open the door.
Sonja, the Graceful Assassin comes into view.
She is wielding a +1 short sword of distortion and quivering curare-tipped darts.
Found 108 gold pieces.
There is an open door here.
Sonja shouts!
Sonja hits you with a +1 short sword of distortion!
Space bends around you.
Sonja hits you with a +1 short sword of distortion.
Sonja hits you but does no damage.
Okay, then.
Throw: 2 darts (curare)
Press: ? - help, Q - select action, (/) - cycle Shift-Dir - straight line, f - Sonja
Aim: Sonja, wielding a +1 short sword of distortion and quivering curare-tipped darts (16% to hit)
You throw a curare-tipped dart.
The curare-tipped dart barely misses Sonja.
Sonja hits you with a +1 short sword of distortion.
Sonja barely misses you.
Sonja hits you with a +1 short sword of distortion.
Space warps horribly around you!
* * * LOW HITPOINT WARNING * * *
You feel much better.
Sonja hits you with a +1 short sword of distortion!
Space bends around you.
Sonja hits you with a +1 short sword of distortion.
Sonja barely misses you.
Sonja hits you with a +1 short sword of distortion.
Space bends around you.
Sonja hits you with a +1 short sword of distortion.
* * * LOW HITPOINT WARNING * * *
Space bends around you.
* * * LOW HITPOINT WARNING * * *
Sonja hits you but does no damage. Space bends around you!
You die...

#..#####'#####'#__#
#..####..#...#)####
#..#__####..##(#
#..#_____##'#_.+
#⌠⌠#_.∩..†'..._#
####_..__##_.#'#
#_____###'#.#
#########.###


+$@$+ #$K$# ##(## #+# You could see Sonja.

Vanquished Creatures
  A slime creature (D)
  Sigmund (D)
  A yak (D)
  An ogre (D)
  A jelly (D)
  Ijyb (D)
6 creatures vanquished.

Notes
Turn   | Place    | Note
-------+----------+-------------------------------------------
     0 | D        | Hipnos the Spriggan Brigand began the quest for the Orb.
     0 | D        | Reached XP level 1. HP: 10/10 MP: 2/2
     1 | D        | Noticed Ijyb
     4 | D        | Killed Ijyb
     5 | D        | Reached skill level 10 in Stealth
     5 | D        | Reached XP level 2. HP: 15/15 MP: 3/3
   107 | D        | Noticed an ogre
   110 | D        | Killed an ogre
   111 | D        | Reached skill level 13 in Stealth
   111 | D        | Reached XP level 3. HP: 18/18 MP: 4/4
   111 | D        | Reached XP level 4. HP: 23/23 MP: 5/5
   120 | D        | Noticed Sigmund
   123 | D        | Killed Sigmund
   124 | D        | Reached skill level 17 in Stealth
   124 | D        | Reached XP level 5. HP: 27/27 MP: 6/6
   124 | D        | Reached XP level 6. HP: 32/32 MP: 7/7
   136 | D        | Found an ornate altar of the Wu Jian Council.
   136 | D        | Found a shimmering blue altar of Sif Muna.
   138 | D        | Found a radiant altar of Vehumet.
   144 | D        | Found Zeniojuf's Assorted Antiques.
   144 | D        | Found an ancient bone altar of Kikubaaqudgha.
   144 | D        | Found a hazy altar of Hepliaklqana.
   144 | D        | Found a stormy altar of Qazlal.
   144 | D        | Found a hide-covered altar of Uskayaw.
   144 | D        | Found a blossoming altar of Fedhas.
   144 | D        | Found a bloodstained altar of Trog.
   144 | D        | Found an iron altar of Okawaru.
   144 | D        | Found a basalt altar of Yredelemnul.
   144 | D        | Found a glowing golden altar of the Shining One.
   144 | D        | Found a snail-covered altar of Cheibriados.
   144 | D        | Found a sacrificial altar of Ru.
   144 | D        | Found a glowing silver altar of Zin.
   144 | D        | Found a shadowy altar of Dithmenos.
   144 | D        | Found a white marble altar of Elyvilon.
   144 | D        | Noticed a yak
   145 | D        | Found an opulent altar of Gozag.
   146 | D        | Killed a yak
   147 | D        | Reached skill level 19 in Stealth
   147 | D        | Found a sparkling altar of Nemelex Xobeh.
   152 | D        | Became a worshipper of Trog the Wrathful
   186 | D        | Found a burning altar of Makhleb.
   186 | D        | Found a viscous altar of Jiyva.
   186 | D        | Found a shimmering altar of Xom.
   186 | D        | Found a corrupted altar of Lugonu.
   186 | D        | Noticed a slime creature
   189 | D        | Killed a slime creature
   190 | D        | Reached skill level 20 in Stealth
   190 | D        | Reached XP level 7. HP: 36/36 MP: 8/8
   197 | D        | Noticed Sonja
   202 | D        | Slain by Sonja

Illustrated notes

Levels and vault maps discovered:
D:        dungeon_sprint_1 [red_sonja_temple_1, red_sonja_temple_small_1]

Skill      XL: |  1  2  3  4  5  6 |
---------------+-------------------+-----
Stealth        | 10 13 17 20 | 20.4
Fighting       | 2 3 |  3.2
Short Blades   | 3 4 |  4.5
Throwing       | 3 |  3.8
Dodging        | 2 |  2.6

Action                   |  1- 3 |  4- 6 |  7- 9 || total
-------------------------+-------+-------+-------++-------
Melee: Dagger            |     2 |     4 |       ||     6
Throw: Dart              |       |       |     1 ||     1
  Use: Potion            |       |       |     1 ||     1
 Stab: Sleeping          |     2 |     4 |       ||     6
Armor: Robe              |       |       |     2 ||     2
Dodge: Dodged            |       |       |     2 ||     2
